 Dungeon Crawl Stone Soup version 0.18-a0-1285-g60d00e1 (webtiles) character file.

3105 Kidiri the Charmwright (level 9, -5/61 HPs)
             Began as a High Elf Skald on Feb 8, 2016.
             Was a Believer of Okawaru.
             Slain by an orc warrior
             ... wielding a +0 glaive
              (21 damage)
             ... on level 7 of the Dungeon.
             The game lasted 00:38:51 (8809 turns).

Kidiri the Charmwright (High Elf Skald)             Turns: 8809, Time: 00:38:51

Health: -5/61      AC:  6    Str: 18    XL:     9   Next: 60%
Magic:  15/19      EV: 10    Int: 18    God:    Okawaru [**....]
Gold:   357        SH: 10    Dex: 14    Spells: 5 memorised, 9 levels left

rFire  . . .     SeeInvis .     b - +2 falchion (freeze)
rCold  . . .     Gourm    .     p - +0 ring mail
rNeg   + . .     Faith    .     w - +0 shield
rPois  +         Spirit   .     (no helmet)
rElec  .         Dismiss  .     l - +0 cloak
rCorr  .         Reflect  +     (no gloves)
SustAt .         Harm     .     (no boots)
MR     +....                    e - +3 amulet of reflection
Stlth  +.........               v - ring of protection from magic
                                q - ring "Douxt" {rPois rN+ Str+7 Dex-3}

@: singing, very slightly contaminated, somewhat resistant to hostile
enchantments, very unstealthy
A: no striking features
a: Heroism, Renounce Religion, Stop Singing


You were on level 7 of the Dungeon.
You worshipped Okawaru.
Okawaru was pleased with you.
You were not hungry.

You visited 2 branches of the dungeon, and saw 8 of its levels.

You collected 357 gold pieces.

Inventory:

Hand Weapons
 b - a +2 falchion of freezing (weapon)
 z - a +3 falchion
Missiles
 n - 24 tomahawks (quivered)
Armour
 g - a +0 scale mail
 k - a +1 chain mail of fire resistance
 l - a +0 cloak (worn)
 p - a +0 ring mail (worn)
 w - a +0 shield (worn)
 y - a +0 gold dragon armour
Jewellery
 a - an uncursed ring of protection from fire
 e - a +3 amulet of reflection (around neck)
 q - the ring "Douxt" (left hand) {rPois rN+ Str+7 Dex-3}
   (You found it on level 4 of the Dungeon)

   [ring of positive energy]

   It affects your strength (+7).
   It affects your dexterity (-3).
   It protects you from poison.
   It protects you from negative energy.
 v - a ring of protection from magic (right hand)
Scrolls
 f - a scroll of magic mapping
 h - 3 scrolls of recharging
 i - a scroll of fear
 r - 2 scrolls of remove curse
 u - 3 scrolls of identify
Potions
 m - 2 potions of flight
 o - 2 potions of resistance
 t - a potion of haste
 x - a potion of degeneration {unknown}
Books
 c - a book of Battle

   Spells                             Type                      Level
   a - Infusion                       Charms                       1
   b - Shroud of Golubria             Charms/Translocation         2
   c - Song of Slaying                Charms                       2
   d - Spectral Weapon                Hexes/Charms                 3
   e - Regeneration                   Charms/Necromancy            3
Comestibles
 d - 6 bread rations
 j - a chunk of flesh
 s - a royal jelly


   Skills:
 * Level 5.1 Fighting
 * Level 6.4 Long Blades
 + Level 2.2 Throwing
 + Level 3.1 Armour
 * Level 5.4 Dodging
 * Level 0.3 Shields
 * Level 6.0 Spellcasting
 + Level 2.6 Hexes
 * Level 6.8 Charms
 + Level 2.6 Necromancy
 + Level 3.4 Translocations
 + Level 2.5 Invocations


You had 9 spell levels left.
You knew the following spells:

 Your Spells              Type           Power        Failure   Level  Hunger
a - Infusion              Chrm           ####         12%         1    None
b - Song of Slaying       Chrm           ####....     14%         2    None
c - Shroud of Golubria    Chrm/Tloc      ###.......   28%         2    None
d - Regeneration          Chrm/Necr      ###.......   69%         3    ##.....
e - Spectral Weapon       Hex/Chrm       ###.....     69%         3    ##.....


Dungeon Overview and Level Annotations

Branches:
Dungeon (7/15)             Temple (1/1) D:4

Altars:
Ashenzari
Cheibriados
Fedhas
Gozag
Kikubaaqudgha
Makhleb
Okawaru
Pakellas
Ru
Sif Muna
Trog
Vehumet
Xom
Yredelemnul
Zin
The Shining One

Shops:
D:6 }


Message History

Deactivating autopickup; reactivate with Ctrl-A.
The orc warrior completely misses you. You block the orc priest's attack.
You barely miss the orc priest.
The orc priest is almost dead.
You block the orc warrior's attack.
The orc priest invokes the aid of Beogh against you.
Something smites you!
You hit the orc priest. You freeze the orc priest.
You kill the orc priest!
Okawaru accepts your kill.
The orc warrior hits you from afar with a glaive.
Things that are here:
a flail; an orc corpse You hit the orc warrior but do no damage.
The orc wizard casts a spell.
The orc wizard seems to speed up.
The orc warrior hits you with a glaive!
* * * LOW HITPOINT WARNING * * *
You hit the orc warrior but do no damage.
The orc warrior hits you with a glaive!!
You die...

#.# #.# #.# #.# #o#
#{# #o# #@# ###.#
...#...## #......##
#...####..## ... ..#
##..###(.....# #
######..##...... ##
###...###..<.....####.
##.....##........>...


You could see an orc warrior and an orc wizard.

Vanquished Creatures
  Pikel (D:5)
  Prince Ribbit (D:6)
  Sigmund (D:2)
  An orc warrior (D:6)
  An ice beast (D:3)
  A phantom (D:6)
  3 ogres
  5 centaurs
  A giant frog (D:6)
  9 wights
  3 crimson imps
  A giant frog zombie (D:7)
  A jelly (D:5)
  3 giant frog skeletons
  2 orc priests
  5 hounds
  A centaur skeleton (D:7)
  Jessica (D:2)
  Ijyb (D:2)
  An iguana (D:4)
  2 orc wizards
  3 worker ants
  A hound zombie (D:7)
  2 hound skeletons
  12 adders
  3 shadow imps
  An ooze (D:4)
  A worm (D:3)
  5 giant geckos
  16 orcs
  4 giant cockroaches
  7 goblins
  10 hobgoblins
  10 jackals
  5 kobolds
  7 quokkas
  2 ball pythons (D:1)
  12 bats
  A giant gecko skeleton (D:5)
  6 giant newts
  2 jackal skeletons
  A quokka skeleton (D:6)
  5 rats
161 creatures vanquished.

Vanquished Creatures (others)
  An ogre (D:5)
  A crimson imp (D:5)
  A hound (D:5)
3 creatures vanquished.

Grand Total: 164 creatures vanquished

Notes
Turn   | Place    | Note
--------------------------------------------------------------
     0 | D:1      | Kidiri the High Elf Skald began the quest for the Orb.
     0 | D:1      | Reached XP level 1. HP: 14/14 MP: 4/4
   197 | D:1      | Reached XP level 2. HP: 13/19 MP: 6/6
   201 | D:1      | Learned a level 2 spell: Song of Slaying
   204 | D:1      | Learned a level 2 spell: Shroud of Golubria
   377 | D:1      | Reached skill level 1 in Armour
   862 | D:1      | Reached skill level 4 in Charms
  1019 | D:2      | Reached XP level 3. HP: 16/24 MP: 8/8
  1762 | D:2      | Noticed Sigmund
  1777 | D:2      | HP: 1/24 [something/magic dart (6)]
  1779 | D:2      | Killed Sigmund
  1779 | D:2      | Reached skill level 1 in Translocations
  1779 | D:2      | Reached XP level 4. HP: 20/30 MP: 3/9
  1779 | D:2      | Reached XP level 5. HP: 23/35 MP: 3/10
  1794 | D:2      | Learned a level 3 spell: Regeneration
  1920 | D:2      | Noticed Jessica
  1923 | D:2      | Killed Jessica
  2025 | D:2      | Noticed Ijyb
  2046 | D:2      | Killed Ijyb
  2219 | D:2      | Found a sacrificial altar of Ru.
  2459 | D:2      | Learned a level 3 spell: Spectral Weapon
  2614 | D:3      | Noticed an ice beast
  2635 | D:3      | Killed an ice beast
  2635 | D:3      | Reached XP level 6. HP: 16/42 MP: 1/12
  2971 | D:3      | Reached skill level 5 in Charms
  3639 | D:4      | Got a translucent amber ring
  3640 | D:4      | Identified the ring "Douxt" {rPois rN+ Str+7 Dex-3} (You found it on level 4 of the Dungeon)
  3664 | D:4      | Reached skill level 1 in Necromancy
  3664 | D:4      | Reached XP level 7. HP: 39/46 MP: 9/14
  3942 | D:4      | Reached skill level 1 in Hexes
  4920 | D:4      | Found a staircase to the Ecumenical Temple.
  4929 | Temple   | Entered the Ecumenical Temple
  5204 | Temple   | Became a worshipper of Warmaster Okawaru
  5343 | D:4      | Found a glowing silver altar of Zin.
  5366 | D:4      | Reached skill level 1 in Throwing
  5790 | D:5      | Entered Level 5 of the Dungeon
  5870 | D:5      | Reached XP level 8. HP: 48/54 MP: 16/16
  6038 | D:5      | Noticed Pikel
  6062 | D:5      | Killed Pikel
  6062 | D:5      | Reached * piety under Okawaru
  6062 | D:5      | Reached skill level 5 in Long Blades
  6062 | D:5      | Reached skill level 5 in Spellcasting
  6062 | D:5      | Reached skill level 1 in Invocations
  6219 | D:5      | Reached skill level 6 in Charms
  7040 | D:6      | Found a burning altar of Makhleb.
  7040 | D:6      | Noticed a cacodemon
  7050 | D:6      | Found Yhakuok's Quality Used Wands.
  7080 | D:6      | Noticed Prince Ribbit
  7094 | D:6      | Reached XP level 9. HP: 33/59 MP: 2/18
  7113 | D:6      | Killed Prince Ribbit
  7361 | D:6      | Reached ** piety under Okawaru
  7438 | D:6      | Upgraded the game from 0.18-a0-1273-g8ec5f8e to 0.18-a0-1285-g60d00e1
  7564 | D:6      | Reached skill level 5 in Dodging
  7910 | D:6      | Reached skill level 5 in Fighting
  8111 | D:6      | Found a basalt altar of Yredelemnul.
  8649 | D:7      | Found an iron altar of Okawaru.
  8809 | D:7      | Slain by an orc warrior

Vault maps used:
D:1:      saegor_arrival_simple_b
D:2:      nicolae_ru_great_annihilating_truth, first_bread,
          hangedman_decor_lopped, uniq_jessica, uniq_iyjb, uniq_sigmund
D:4:      kennysheep_little_box, minmay_temple_entry_trees, minmay_quantized
D:5:      uniq_pikel
D:6:      makhleb_altar_promises_db, lemuel_doored_altar,
          nicolae_for_you_no_charge, uniq_prince_ribbit1
D:7:      okawaru_gym_becter
Temple:   triangle_lava_temple_12

Action                   |  1- 3 |  4- 6 |  7- 9 || total
-------------------------+-------+-------+-------++-------
Melee: Falchion          |   123 |   151 |   423 ||   697
Throw: Tomahawk          |       |       |    34 ||    34
 Cast: Infusion          |     3 |    10 |    15 ||    28
       Song of Slaying   |     4 |     4 |     9 ||    17
       Shroud of Golubri |     1 |     2 |    15 ||    18
Invok: Heroism           |       |       |     2 ||     2
  Use: Scroll            |     3 |     3 |    11 ||    17
       Potion            |     1 |     1 |       ||     2
 Stab: Paralysed         |       |     1 |       ||     1
  Eat: Chunk             |     3 |     7 |     6 ||    16
       Royal jelly       |       |       |     1 ||     1
       Beef jerky        |       |       |     1 ||     1
       Meat ration       |       |       |     1 ||     1
       Fruit             |       |       |     3 ||     3
